 Dungeon Sprint DCSS version 0.30-a0-800-g7c544603b3 (webtiles) character file.

Game seed: 3326895788718910489

3200000 BigDaddyOpFi the Acrobat (level 19, -28/159 HPs)
             Began as a Djinni Necromancer on Feb 22, 2023.
             Was a High Priest of Makhleb.
             Annihilated by a destroyer
             ... wielding a +9 heavy great sword
              (88 damage)
             ... in the Dungeon (Sprint VIII: "Arena of Blood").
             The game lasted 00:00:45 (32 turns).

BigDaddyOpFi the Acrobat (Djinni Necromancer)         Turns: 32, Time: 00:00:45

Health: -28/159    AC:  3    Str:  7    XL:     19   Next: 5%
Gold:   0          EV: 30    Int: 18    God:    Makhleb [*****.] SH:  0 Dex: 21

rFire   + + .      SeeInvis .    g - +∞ Axe of Woe
rCold   x . .      Faith    .    (shield currently unavailable)
rNeg    . . .      Spirit   .    a - +0 robe
rPois   ∞          Reflect  .    (no helmet)
rElec   .          Harm     .    (no cloak)
rCorr   .          Rampage  .    (no gloves)
Will    +....      NoTele   +    (boots unavailable)
Stlth   ++++++++                 (no amulet)
HPRegen 0.46/turn                (no ring)
MPRegen 0.00/turn                (no ring)

@: flying
A: sickness immunity, fire resistance 2, cold vulnerability 1, float, innate
caster, HP casting, extra vitality 1
a: Renounce Religion, Minor Destruction, Lesser Servant of Makhleb, Major
Destruction, Greater Servant of Makhleb


You were in the Dungeon.
You worshipped Makhleb.
Makhleb was extremely pleased with you.
You visited 1 branch

Inventory:

Hand Weapons
 g - the +∞ Axe of Woe (weapon)
   (You found it in the Dungeon)
Armour
 a - a +0 robe (worn)
Scrolls
 f - a scroll of blinking
Potions
 b - a potion of curing
 c - a potion of heal wounds
 d - a potion of haste
 e - a potion of berserk rage


   Skills:
 + Level 21.6 Fighting
 + Level 18.5 Axes
 + Level 21.8 Armour
 + Level 23.3 Dodging
 + Level 20.1 Stealth
 + Level 21.6 Unarmed Combat
 + Level 17.3 Spellcasting
 + Level 21.7 Invocations


You knew the following spells:

 Your Spells              Type           Power      Damage    Failure   Level
a - Necrotise             Necr           100%       1d9       0%          1
b - Vampiric Draining     Necr           67%        2d10      0%          3
c - Animate Dead          Necr           67%        N/A       1%          4
d - Agony                 Necr           67%        N/A       1%          5
e - Kiss of Death         Conj/Necr      100%       2d13      0%          1
f - Scorch                Fire           100%       2d10      0%          2
g - Wereblood             Tmut           67%        N/A       0%          2
h - Summon Ice Beast      Ice/Summ       67%        N/A       1%          4
i - Olgreb's Toxic Radia  Pois           67%        N/A       1%          4
j - Blade Hands           Tmut           33%        N/A       1%          5
k - Death Channel         Necr           33%        N/A       1%          6
l - Eringya's Noxious Bo  Tmut/Pois      33%        N/A       1%          6
m - Orb of Destruction    Conj           33%        9d10      2%          7
Your spell library was empty.

Dungeon Overview and Level Annotations

Branches:
Dungeon (1/1)

Altars:
Makhleb


Innate Abilities, Weirdness & Mutations

You are immune to sickness and miasma.
You are immune to poison.
Your flesh is very heat resistant. (rF++)
You are vulnerable to cold. (rC-)
You float through the air rather than walking.
You learn spells naturally, not from books.
Your magical power is your life essence.
You have superior vitality. (+4 MHP)


Message History

Your noxious spew wanes.
You hear a shout! x8
You hear a shout! x11
A meat berserker comes into view. It is wielding a +9 battleaxe.
You hear a shout! x7
The meat berserker moves out of view.
You hit the bag of meat.
You slaughter the bag of meat joyfully.
You kill the bag of meat!
Makhleb accepts your kill.
You hear a shout! x4
A meat berserker comes into view. It is wielding a +9 battleaxe.
You hear a shout! x4
The meat berserker hits you with a +9 battleaxe!!!
You hear a shout!
You hear two shouts!
You hear a shout! x4
Your Fighting skill increases to level 21!
Your Axes skill increases to level 18!
Your Unarmed Combat skill increases to level 21!
Your Invocations skill increases to level 21!
Unknown command.
You slash the meat berserker!
You fatally mangle the meat berserker.
You kill the meat berserker!
Makhleb accepts your kill.
You hear a shout! x7
Your Dodging skill increases to level 23!
Your Stealth skill increases to level 20!
Your Spellcasting skill increases to level 17!
You have reached level 19!
The power to cast Orb of Destruction wells up from within.
Spell assigned to 'm'.
The destroyer appears out of thin air!
A destroyer comes into view. It is wielding a +9 heavy great sword.
The destroyer shouts!
You hear a shout! x9
A bag of meat comes into view. It is wielding a +9 war axe.
You hear two shouts!
You hear a shout! x6
The meat berserker hits you with a +9 battleaxe!!!
You hear a shout!
The destroyer hits you with a +9 heavy great sword!!!!
Ouch! That really hurt!
You die...

.. ..... #.
...# #.. ...# .
.###.. ...###..
......###......
......_.....
#.V)).# #_)@)_#
#.)O).#
......_.O...
......###......
.###.. ...###..
#.. ...# . #o
...# .. .....


You could see a destroyer, 2 meat berserkers and a bag of meat.

Vanquished Creatures
  A vampire knight (D)
  8 ogres (D)
  9 orcs (D)
18 creatures vanquished.

Notes
Turn   | Place    | Note
-------+----------+-------------------------------------------
     0 | D        | Found the +∞ Axe of Woe
     0 | D        | BigDaddyOpFi the Djinni Necromancer began the quest for the
                  | Orb.
     0 | D        | BigDaddyOpFi set off with the following spells memorised:
                  | Necrotise, Vampiric Draining, Animate Dead, Agony.
     0 | D        | Reached XP level 1. HP: 15/15 MP: 0/0
     3 | D        | Noticed a bag of meat
     4 | D        | Became a worshipper of Makhleb the Destroyer
     4 | D        | Noticed a bag of meat
     6 | D        | Noticed a meat berserker
     6 | D        | Noticed a bag of meat
     7 | D        | Killed a bag of meat
     7 | D        | Noticed a bag of meat
     7 | D        | Noticed a meat berserker
     7 | D        | Noticed a bag of meat
     8 | D        | Reached skill level 10 in Dodging
     8 | D        | Reached XP level 2. HP: 34/34 MP: 0/0
     8 | D        | Reached XP level 3. HP: 39/39 MP: 0/0
     8 | D        | Learned a level 1 spell: Kiss of Death
     8 | D        | Reached XP level 4. HP: 45/45 MP: 0/0
     8 | D        | Reached XP level 5. HP: 50/50 MP: 0/0
     8 | D        | Learned a level 2 spell: Scorch
     8 | D        | Reached XP level 6. HP: 56/56 MP: 0/0
     8 | D        | Reached XP level 7. HP: 61/61 MP: 0/0
     8 | D        | Learned a level 2 spell: Wereblood
     8 | D        | Reached XP level 8. HP: 67/67 MP: 0/0
     8 | D        | Reached XP level 9. HP: 72/72 MP: 0/0
     8 | D        | Learned a level 4 spell: Summon Ice Beast
     8 | D        | Reached XP level 10. HP: 78/78 MP: 0/0
     8 | D        | Reached XP level 11. HP: 84/84 MP: 0/0
     8 | D        | Learned a level 4 spell: Olgreb's Toxic Radiance
    10 | D        | Noticed a meat berserker
    11 | D        | Killed a meat berserker
    11 | D        | Reached * piety under Makhleb
    12 | D        | Reached skill level 10 in Axes
    12 | D        | Reached skill level 13 in Dodging
    12 | D        | Reached XP level 12. HP: 92/95 MP: 0/0
    12 | D        | Reached XP level 13. HP: 97/100 MP: 0/0
    12 | D        | Learned a level 5 spell: Blade Hands
    12 | D        | Killed a meat berserker
    12 | D        | Noticed a meat berserker
    12 | D        | Noticed a bag of meat
    12 | D        | Noticed a meat berserker
    13 | D        | Reached skill level 14 in Dodging
    13 | D        | Reached skill level 10 in Spellcasting
    13 | D        | Reached XP level 14. HP: 107/110 MP: 0/0
    13 | D        | Killed a bag of meat
    13 | D        | Noticed a bag of meat
    14 | D        | Reached skill level 15 in Dodging
    14 | D        | Killed a bag of meat
    14 | D        | Reached ** piety under Makhleb
    14 | D        | Noticed a bag of meat
    14 | D        | Noticed a bag of meat
    15 | D        | Killed a meat berserker
    15 | D        | Killed a meat berserker
    15 | D        | Killed a bag of meat
    15 | D        | Reached *** piety under Makhleb
    16 | D        | Reached skill level 18 in Dodging
    16 | D        | Reached skill level 15 in Stealth
    16 | D        | Reached XP level 15. HP: 122/122 MP: 0/0
    16 | D        | Learned a level 6 spell: Death Channel
    16 | D        | Reached XP level 16. HP: 129/129 MP: 0/0
    16 | D        | Killed a meat berserker
    18 | D        | Reached **** piety under Makhleb
    19 | D        | Reached skill level 15 in Axes
    19 | D        | Reached skill level 19 in Dodging
    19 | D        | Reached XP level 17. HP: 138/138 MP: 0/0
    19 | D        | Learned a level 6 spell: Eringya's Noxious Bog
    19 | D        | Noticed a meat berserker
    21 | D        | Reached skill level 20 in Dodging
    21 | D        | Killed a meat berserker
    21 | D        | Noticed a meat berserker
    22 | D        | Reached skill level 15 in Spellcasting
    23 | D        | Noticed a destroyer
    23 | D        | Killed a destroyer
    24 | D        | Reached skill level 21 in Dodging
    24 | D        | Reached XP level 18. HP: 149/149 MP: 0/0
    24 | D        | Reached ***** piety under Makhleb
    25 | D        | Killed a meat berserker
    25 | D        | Noticed a meat berserker
    26 | D        | Reached skill level 22 in Dodging
    28 | D        | Noticed a meat berserker
    29 | D        | Noticed a meat berserker
    30 | D        | Killed a meat berserker
    31 | D        | Reached skill level 23 in Dodging
    31 | D        | Reached XP level 19. HP: 106/159 MP: 0/0
    31 | D        | Learned a level 7 spell: Orb of Destruction
    31 | D        | Noticed a destroyer
    32 | D        | Annihilated by a destroyer

Illustrated notes

Levels and vault maps discovered:
D:        meatsprint

Skill      XL: |  1  2  3  4  5  6  7  8  9 10 11 12 13 14 15 16 17 18 |
---------------+-------------------------------------------------------+-----
Fighting       | 9 11 13 16 18 19 21 | 21.6
Axes           | 7 10 11 14 15 17 18 | 18.5
Armour         | 9 12 13 16 18 20 21 | 21.8
Dodging        | 10 13 14 18 19 21 23 | 23.3
Stealth        | 8 11 12 15 16 18 20 | 20.1
Unarmed Combat | 9 11 13 16 18 19 21 | 21.6
Spellcasting   | 7 9 10 13 14 16 17 | 17.3
Invocations    | 9 11 13 16 18 20 21 | 21.7

Action                     |  1- 3 |  4- 6 |  7- 9 | 10-12 | 13-15 | 16-18 | 19-21 || total
---------------------------+-------+-------+-------+-------+-------+-------+-------++-------
  Melee: Executioner's axe |     1 |       |       |     1 |     4 |     9 |       ||    15
   Cast: Summon Ice Beast  |       |       |       |     1 |       |       |       ||     1
         Eringya's Noxious |       |       |       |       |       |     1 |       ||     1
  Dodge: Dodged            |       |       |       |     1 |       |       |       ||     1

Table legend: (Time is in decaauts)
 A = Elapsed time spent in this place.
 B = Non-inter-level travel time spent in this place.
 C = Inter-level travel time spent in this place.
 D = Time resting spent in this place.
 E = Time spent auto-exploring this place.
 F = Levels seen in this place.
 G = Mean time per level.
                   A        B        C        D        E       F      G
               +--------+--------+--------+--------+--------+-----+--------+
         Total |     35 |     35 |      0 |      0 |      0 |   1 |   35.0 |
       Dungeon |     35 |     35 |      0 |      0 |      0 |   1 |   35.0 |
               +--------+--------+--------+--------+--------+-----+--------+

Top non-repeatable levels by time:
       D: 35 daAuts
